Flaenia the Unfeathered, neutral female gnomish Cavewoman --------- |.....<.| |.......+ ------- ------------------------- ----+-.--# |...............................| #### |.---- .-----.----+--..----- | ### |.| ----.|...-.-..| |..| # |.| |..|.|._.|.|..| |..| ###|.-+-|..|.|...|.--------.| #-....|..|.|...|....-...|.--+-- | |.{..-|--.----|....|...|........| |..........-..|+--.-----o@----- | |....-|--..|..| |........o..%| |.-+-|..|.----| ||---..o.|.@%| |.| |..|.|+??|--|...|---.-----.| |.| |---.%./!|..|...| +h......| |.| |....|.%?|..|...| |.......| |.----....-----|---------.....{.| |...............................| --------------------------------- Flaenia the Unfeathered the Aborigine Experience level: 5 Strength: 18 Dexterity: 13 Constitution: 16 Intelligence: 9 Wisdom: 8 Charisma: 10 Health: 0(45) Energy: 14(14) Def: 2 Gold: 468 Moves: 2069 Dungeon seed: dAy90_JQZrLnfMXE Game ID: Flaenia the Unfeathered_1530261299 Your Inventory: Coins $ - 468 gold pieces Weapons a - an uncursed +1 club (weapon in hand) b - an uncursed +2 sling (alternate weapon; not wielded) Armor q - an uncursed +0 leather armor (being worn) r - a cursed -1 orcish helm (being worn) Scrolls d - an uncursed scroll of identify h - a blessed scroll of enchant weapon l - a blessed scroll of create monster Potions c - a cursed potion of blindness Rings j - a cursed ring of poison resistance (on left hand) Wands i - an uncursed wand of cold (0:5) Tools e - an uncursed skeleton key Gems k - 11 uncursed flint stones (in quiver) n - 31 uncursed rocks Spells and supernatural/magical abilities: Name Level Category Fail Memory z - sleep 1 enchantment 98% 91% W - pray for help -- divine ? -- Your skills at the end: Fighting Skills bare handed combat [Basic] Weapon Skills club [Basic] sling [Basic] Spellcasting Skills Final Attributes: You were piously aligned. You were poison resistant. You had infravision. You were lucky. You are dead. Vanquished creatures: an imp 2 Mordor orcs a kobold mummy a floating eye a kitten a dwarf zombie 2 iguanas 2 hobbits 3 giant rats a yellow mold 2 green molds a gnome 2 gnome zombies 4 geckos 7 jackals a fox 3 goblins 5 sewer rats 3 grid bugs 3 bats 6 lichens a kobold zombie 2 newts 55 creatures vanquished. Voluntary challenges: You used a wielded weapon 60 times, starting on turn 131. You read items or engraved 2 times, starting on turn 65. You never genocided any monsters. You never polymorphed an object. You never changed form. You used no wishes. You never split a pudding. You never wrote Elbereth's name. You violated your moral code, losing 10 points of alignment, starting on turn 1533. Dungeon overview: The Dungeons of Doom: levels 1 to 3 Level 1 a long staircase Level 2 a potion shop Level 3 stairs to The Gnomish Mines The Gnomish Mines: levels 4 to 7 Level 4 stairs to The Dungeons of Doom Level 5 Level 6 Level 7 <- You were here some shops, a temple to Anu, some fountains History has recorded: On T:1 you entered the Dungeons of Doom to retrieve the Amulet of Yendor! On T:826 you advanced to experience level 2. On T:852 you reached level 2 of The Dungeons of Doom. On T:1119 you reached level 3 of The Dungeons of Doom. On T:1266 you advanced to experience level 3. On T:1430 you reached level 1 of The Gnomish Mines. On T:1690 you advanced to experience level 4. On T:1715 you reached level 2 of The Gnomish Mines. On T:1765 you reached level 3 of The Gnomish Mines. On T:1868 you reached level 4 of The Gnomish Mines. On T:2060 you advanced to experience level 5. Score breakdown: Gold: 468 ( 9086 points) Experience: 5 levels (11141 points) Exploration: 7 levels ( 14.29%) (10606 points) Discoveries: 5 items ( 1.67%) ( 3879 points) Valuables value: (no points given unless you survive) Artifact value: 0 ( 0 points) Variety of kills: 23 monsters ( 6.04%) ( 7370 points) Turncount: 2069 turns ( -51 points) Survival: died (score multiplied by 80%) Total score: 33624 Latest messages: The curved sword welds itself to the Mordor orc's hand! You hit the Mordor orc. You hit the Mordor orc! The Mordor orc thrusts his knife. The Mordor orc hits! The Mordor orc swings her curved sword. The Mordor orc hits! You kill the Mordor orc! You hit the Mordor orc! (2x) The Mordor orc turns to flee! The Mordor orc picks up an iron skull cap. You hit the Mordor orc! The Mordor orc wields a curved sword! The Mordor orc hits! You hear someone cursing shoplifters. You miss the Mordor orc. You feel more confident in your weapon skills. You hit the Mordor orc! The Mordor orc swings her curved sword. The Mordor orc hits! You die... Banjoewangi looks at your corpse and sighs. Final status: Goodbye Flaenia the Unfeathered the Cavewoman, killed by a Mordor orc... You died in The Gnomish Mines on dungeon level 7 with 33624 points, and 468 pieces of gold, after 2069 moves. You were level 5 with a maximum of 45 hit points when you died.